 Dungeon Crawl Stone Soup version 0.25-a0-566-g062765be81 (webtiles) character file.

Game seed: 8130451508003410426, levelgen mode: deterministic

49 kae the Sneak (level 4, -1/24 HPs)
             Began as a Kobold Enchanter on Feb 27, 2020.
             Slain by an adder (4 damage)
             ... on level 2 of the Dungeon.
             The game lasted 00:02:13 (1808 turns).

kae the Sneak (Kobold Enchanter)                    Turns: 1808, Time: 00:02:14

Health: -1/24      AC:  2    Str:  5    XL:     4   Next: 1%
Magic:  2/7        EV: 15    Int: 17    God:
Gold:   135        SH:  0    Dex: 15    Spells: 2/8 levels left

rFire    . . .     SeeInvis .   h - +1 dagger (holy)
rCold    . . .     Gourm    .   (shield restricted)
rNeg     . . .     Faith    .   b - +0 robe
rPois    .         Spirit   .   (no helmet)
rElec    .         Reflect  .   (no cloak)
rCorr    .         Harm     .   (no gloves)
MR       .....                  (no boots)
Stlth    +++.......             (no amulet)
HPRegen  0.08/turn              (no ring)
MPRegen  0.10/turn              (no ring)

@: lethally poisoned (-1 -> -2), about to teleport, very slightly contaminated
A: small, carnivore
a: no special abilities


You were on level 2 of the Dungeon.
You were full.

You visited 1 branch of the dungeon, and saw 2 of its levels.

You collected 135 gold pieces.

Inventory:

Hand Weapons
 a - a +1 dagger
 h - a +1 dagger of holy wrath (weapon)
Armour
 b - a +0 robe (worn)
Jewellery
 c - an uncursed ring of poison resistance {unknown}
Scrolls
 f - a scroll of noise
 g - a scroll of teleportation
 i - a scroll of enchant armour {unknown}
Comestibles
 d - 2 rations


   Skills:
 * Level 3.1 Short Blades
 - Level 2.4 Dodging
 + Level 4.5 Stealth
 + Level 2.6 Spellcasting
 + Level 3.3 Hexes


You had 2 spell levels left.
You knew the following spells:

 Your Spells              Type           Power        Failure   Level  Hunger
a - Corona                Hex            ##.....      4%          1    #......
b - Ensorcelled Hibernat  Hex/Ice        #.....       14%         2    ##.....
c - Confusing Touch       Hex            ##......     14%         3    ###....

Your spell library contained the following spells:

 Spells                   Type           Power        Failure   Level  Hunger
 Tukima's Dance           Hex            ##......     14%         3    ###....
 Dazzling Flash           Conj/Hex       #.....       26%         3    ###....


Dungeon Overview and Level Annotations

Branches:
Dungeon (2/15)

Altars:
The Shining One

Annotations:
D:2 exclusion: 3 gnolls


Innate Abilities, Weirdness & Mutations

You are small and have problems with some larger weapons.
You are carnivorous and can eat meat at any time.


Message History

Casting: Ensorcelled Hibernation (safe; 14% risk of failure)
Confirm with . or Enter, or press ? or * to list all spells.
You don't have enough magic to cast that spell.
You aren't carrying any potions.
Okay, then.
As you read the scroll labeled PIKHOI FEOGA, it crumbles to dust.
It is a scroll of identify.
f - a scroll of noise The adder bites you.
You are poisoned.
The adder poisons you!
As you read the scroll labeled JEURAREPOQ, it crumbles to dust.
You feel strangely unstable.
It was a scroll of teleportation.
You feel sick. The adder misses you.
A rat comes into view.
The adder bites you.
* * * LOW HITPOINT WARNING * * *
There is an escape hatch in the ceiling here.
You feel sick. The adder bites you.
You die...

#.# ##########.####
...÷...........
.....###...#########
####............#..
.....###.[.####.#.# #.##.#
#...####.#.# #.##.#
#...##.....# #.##.#
#...##...@S##### #.##.#
#..........g...#
#.##.###..........###.#####.$#
......†...........##.........#
#...).#####..##...r..#.......#
####..# #.. ######..........#
####..# #. #....).....$#
......#####. #...........#
###......... #........####


You could see an adder, a goblin and a rat (wandering).

Vanquished Creatures
  An ooze (D:1)
  A worm (D:2)
  A dart slug (D:1)
  2 leopard geckos (D:2)
  5 bats
  2 giant cockroaches
  3 hobgoblins
  3 jackals (D:2)
  3 kobolds (D:1)
  A ball python (D:2)
  5 frilled lizards
  4 goblins
  7 rats
38 creatures vanquished.

Notes
Turn   | Place    | Note
-------+----------+-------------------------------------------
     0 | D:1      | kae the Kobold Enchanter began the quest for the Orb.
     0 | D:1      | Reached XP level 1. HP: 10/10 MP: 3/3
   404 | D:1      | Reached XP level 2. HP: 15/15 MP: 5/5
   408 | D:1      | Learned a level 2 spell: Ensorcelled Hibernation
   484 | D:1      | Found a glowing golden altar of the Shining One.
   783 | D:1      | Reached XP level 3. HP: 18/19 MP: 6/6
  1571 | D:2      | Learned a level 3 spell: Confusing Touch
  1801 | D:2      | Reached XP level 4. HP: 12/24 MP: 5/7
  1808 | D:2      | Slain by an adder

Levels and vault maps discovered:
D:1:      dpeg_arrival_arbitrary_b, layout_basic, st_stairs_11, tso_metal_star
D:2:      layout_loops_ring, gammafunk_temple_overflow_forgotten, first_ration

Skill      XL: |  1  2  3 |
---------------+----------+-----
Short Blades   | 2 3 |  3.1
Dodging        | |  2.4
Stealth        | |  4.5
Spellcasting   | |  2.6
Hexes          | |  3.3

Action                   |  1- 3 |  4- 6 || total
-------------------------+-------+-------++-------
Melee: Dagger            |   184 |       ||   184
 Cast: Corona            |     6 |       ||     6
       Ensorcelled Hiber |    11 |     1 ||    12
  Use: Scroll            |       |     2 ||     2
 Stab: Sleeping          |    13 |       ||    13
  Eat: Chunk             |     8 |       ||     8
Armor: Robe              |    27 |       ||    27
Dodge: Dodged            |   161 |     4 ||   165

Table legend:
 A = Non-vault XP
 B = Vault XP
 C = Vault XP percentage of total XP
 D = Non-vault monster count
 E = Vault monster count
 F = Vault count percentage of total count
                 A         B        C        D         E       F
            +---------+---------+-------+---------+---------+-------
      Total |      64 |       6 |   8.6 |      34 |       4 |  10.5
            +---------+---------+-------+---------+---------+-------
        D:1 |      33 |       6 |  15.4 |      18 |       4 |  18.2
        D:2 |      31 |       0 |   0.0 |      16 |       0 |   0.0
            +---------+---------+-------+---------+---------+-------
